 Dungeon Crawl Stone Soup version 0.25-a0-503-ge281fa673e (webtiles) character file.

Game seed: 13742707673893610159, levelgen mode: classic

107207 EnegeticOcto the Champion of Chaos (level 15, -11/142 HPs)
             Began as a Deep Dwarf Fighter on Feb 13, 2020.
             Was the Champion of Makhleb.
             Blown up by an orb spider (29 damage)
             ... with an orb of destruction
             ... on level 3 of the Spider Nest.
             The game lasted 00:15:48 (14585 turns).

EnegeticOcto the Champion of Chaos (DDFi)          Turns: 14585, Time: 00:15:49

Health: -11/142    AC: 35    Str: 26    XL:     15   Next: 99%
Magic:  5/5        EV: 10    Int:  9    God:    Makhleb [******]
Gold:   1255       SH: 19    Dex: 12    Spells: 14/14 levels left

rFire    + . .     SeeInvis .   a - +4 broad axe (pain)
rCold    + . .     Gourm    .   N - +0 tower shield {rPois}
rNeg     + . .     Faith    .   I - +15 Maxwell's patent armour {-Cast -Tele rElec MR+ rCorr}
rPois    +         Spirit   .   (no helmet)
rElec    +         Reflect  .   J - +2 cloak {MR+}
rCorr    +         Harm     +   K - +0 pair of gloves
MR       ++++.     Clarity  +   (no boots) Stlth ..........NoTele +
                                W - amulet of harm
HPRegen  0.00/turn NoCast   +   f - ring of Lol Ziad {rElec rPois rC+, =R}
MPRegen  0.09/turn              u - ring of protection from fire

@: non-regenerating
A: damage resistance, heal wounds, clarity, low mp 1, negative energy resistance
1, sense surroundings 2, wild magic 1, no regeneration
a: Heal Wounds, Minor Destruction, Lesser Servant of Makhleb, Major Destruction,
Greater Servant of Makhleb, Renounce Religion


You were on level 3 of the Spider Nest.
You worshipped Makhleb.
Makhleb was exalted by your worship.
You were hungry.

You visited 4 branches of the dungeon, and saw 25 of its levels.
You also visited: Gauntlet.

You collected 1694 gold pieces.
You spent 439 gold pieces at shops.

Inventory:

Hand Weapons
 a - a +4 broad axe of pain (weapon)
 k - a +0 dagger of distortion
Missiles
 h - 3 throwing nets (quivered)
Armour
 d - a scarf of cloud immunity
 I - the +15 Maxwell's patent armour (worn) {-Cast -Tele rElec MR+ rCorr}
   (You acquired it in a Gauntlet)

   It insulates you from electricity.
   It affects your resistance to hostile enchantments.
   It prevents spellcasting.
   It prevents most forms of teleportation.
   It provides partial protection from all sources of acid and corrosion.
   If you remove this armour, your AC will decrease by 30 (35 -> 5).
 J - a +2 cloak of magic resistance (worn)
 K - a +0 pair of gloves (worn)
 N - a +0 tower shield of poison resistance (worn)
Jewellery
 f - the ring of Lol Ziad (left hand) {rElec rPois rC+, =R}
   (You acquired it on level 6 of the Dungeon)

   [ring of poison resistance]

   It protects you from cold.
   It insulates you from electricity.
   It protects you from poison.
 u - a ring of protection from fire (right hand)
 W - an amulet of harm (around neck)
Wands
 i - a wand of digging (7) {@q2}
 q - a wand of iceblast (31)
 t - a wand of flame (33)
 w - a wand of polymorph (43)
 E - a wand of paralysis (5)
 L - a wand of acid (5) {@q1}
 Q - a wand of clouds (5)
 U - a wand of disintegration (9)
Scrolls
 b - a scroll of magic mapping {@r5}
 m - 7 scrolls of identify {@r1}
 r - 2 scrolls of vulnerability
 x - 2 scrolls of blinking {@r3}
 y - 2 scrolls of fear
 z - 5 scrolls of teleportation {@r2}
 A - a scroll of holy word
 C - 5 scrolls of fog
 D - 3 scrolls of remove curse {@r6}
 O - a scroll of immolation {@r4}
Potions
 c - a potion of cancellation
 g - 4 potions of berserk rage
 j - 12 potions of curing {@q1}
 n - 5 potions of lignification {@q7}
 o - 2 potions of ambrosia
 p - 3 potions of mutation
 s - 6 potions of haste {@q4}
 v - 2 potions of brilliance
 B - 3 potions of might {@q3}
 F - a potion of degeneration
 G - a potion of heal wounds {@q2}
 H - 2 potions of magic
 M - a potion of agility {@q5}
 V - a potion of resistance {@q6}
Miscellaneous
 P - a tremorstone
 R - a lamp of fire
 S - a box of beasts
Comestibles
 e - 41 rations
 l - 3 chunks of flesh


   Skills:
 * Level 11.2 Fighting
 * Level 15.7 Axes
 + Level 11.9 Armour
 + Level 11.3 Dodging
 + Level 11.9 Shields
 * Level 16.2 Invocations


You had 14 spell levels left.
You didn't know any spells.
Your spell library was empty.

Dungeon Overview and Level Annotations

Branches:
Dungeon (15/15)            Temple (1/1) D:7            Lair (6/6) D:10
  Swamp (0/4) Lair:2       Spider (3/4) Lair:4        Slime (0/5) Lair:5
    Orc (0/2) D:9          Vaults (0/5) D:14         Depths (0/5) D:15
Gauntlet (visited)

Altars:
Ashenzari
Cheibriados
Elyvilon
Fedhas
Gozag
Hepliaklqana
Makhleb
Nemelex Xobeh
Okawaru
Qazlal
Ru
Sif Muna
Trog
Uskayaw
Vehumet
Wu Jian
Xom
Yredelemnul
The Shining One
Jiyva

Shops:
D:6 ([   D:8 [

Annotations:
D:4 3 runed translucent doors, emiel's ghost, amateur FoWn
D:9 exclusion: door, Prince Ribbit
D:12 3 runed translucent doors, Zawn's ghost, journeyman MiFi
Lair:5 1 runed translucent door


Innate Abilities, Weirdness & Mutations

You are resistant to damage.
You can heal yourself by infusing magical energy.
You resist negative energy. (rN+)
You passively map the area around you.
You do not regenerate.
You possess an exceptional clarity of mind.
Your magical capacity is low. (-10% MP)
Your spells are a little harder to cast, but a little more powerful.


Message History

Azrael gestures at you.
The sticky flame hits you but does no damage.
You are covered in liquid flames!
The fire elemental barely misses you.
You closely miss the hell hound.
The hell hound is moderately wounded.
Your shield and Maxwell's patent armour prevent you from hitting the fire elemental.
You slash Azrael! You hit the fire elemental.
You are covered in liquid flames!
The hell hound bites you but does no damage.
You block the fire elemental's attack. You block Azrael's attack.
The orb spider pulsates with a strange energy.
You block the fire elemental's attack.
The hell hound bites you but does no damage.
The fire elemental hits you. The fire elemental burns you! You resist.
You hit Azrael but do no damage.
Azrael is moderately wounded.
You hit the fire elemental. You slice the hell hound!!
You kill the hell hound!
Makhleb accepts your kill.
You feel better.
You barely miss the fire elemental.
You are covered in liquid flames!
The orb spider begins to weave its threads into a brightly glowing ball. x2
The fire elemental closely misses you. You block Azrael's attack.
The fire elemental hits you. The fire elemental burns you! You resist.
You slash Azrael!
Azrael is heavily wounded.
You slash the fire elemental! You hit the fire elemental.
The fire elemental hits you. You block the fire elemental's attack.
Azrael hits you but does no damage.
The orb spider weaves a glowing orb of energy.
An orb of destruction comes into view.
You slash the fire elemental!
You destroy the fire elemental!
Makhleb accepts your kill.
You feel better.
You slice the fire elemental!! You slash Azrael!
You block the fire elemental's attack.
The orb spider weaves a glowing orb of energy.
An orb of destruction comes into view.
You completely miss the fire elemental.
The fire elemental is severely damaged.
You slice Azrael!! You block the fire elemental's attack.
The orb spider weaves a glowing orb of energy.
Azrael gestures at you. The bolt of fire hits you! You resist.
The orb of destruction hits you! The fire elemental hits you.
The fire elemental burns you! You resist.
The orb spider spins a strand of pure energy.
An orb of destruction comes into view.
You hit Azrael but do no damage.
Azrael is almost dead.
You slash the fire elemental!
You destroy the fire elemental!
Makhleb accepts your kill.
You feel better. Azrael gestures at you.
The fireball explodes!
The fireball engulfs you! You resist.
The fireball engulfs Azrael.
Azrael completely resists.
The orb spider weaves a glowing orb of energy.
The orb of destruction hits you!!!
* * * LOW HITPOINT WARNING * * *
An orb of destruction comes into view.
You are too injured to fight recklessly!
You are too injured to fight recklessly!
You are too injured to fight recklessly!
You are too injured to fight recklessly!
You are too injured to fight recklessly!
You are too injured to fight recklessly!
You are too injured to fight recklessly!
You are too injured to fight recklessly!
You are too injured to fight recklessly!
You are too injured to fight recklessly!
You are too injured to fight recklessly!
You are too injured to fight recklessly!
You are too injured to fight recklessly!
You are too injured to fight recklessly!
You are too injured to fight recklessly!
You are too injured to fight recklessly!
You are too injured to fight recklessly!
You are too injured to fight recklessly!
You are too injured to fight recklessly!
You are too injured to fight recklessly!
You are too injured to fight recklessly!
You are too injured to fight recklessly!
You are too injured to fight recklessly!
You are too injured to fight recklessly!
You are too injured to fight recklessly!
You are too injured to fight recklessly!
You are too injured to fight recklessly!
You are too injured to fight recklessly!
You are too injured to fight recklessly!
You are too injured to fight recklessly!
Azrael gestures at you.
The fireball explodes!
The fireball engulfs you! You resist.
* * * LOW HITPOINT WARNING * * *
The fireball engulfs Azrael.
Azrael completely resists.
The orbs collide in a blinding explosion!
The orb of destruction hits Azrael!!!
Azrael is blown up!
The orb of destruction hits you!!
You die...

, * * #####........... ,
, ,...................,
,, ....^.......^.......
,,,, ......^...........!.
, , ...#..^............
...
........ss..............
........s○s☼...## ......
, ,
.......)☼○○.....##......
* ,
.......@.°s......#......
*
,.......††.......†.....$.
* ,
,.........#...%..........
,
......###.........^.....
.#.... #................
* , ,
#....#.....#........... *
#..# #.....###†........ *
.(.* #..#### #......... *
, * ##........


You could see 5 orb spiders.

Vanquished Creatures
  Rupert (D:14)
  Agnes (D:15)
  Kirke (D:14)
  A storm dragon (D:14)
  An emperor scorpion (Spider:1)
  Louise (Spider:1)
  3 entropy weavers (Spider:1)
  Nessos (D:14)
  2 dire elephants
  Snorg (Lair:5)
  A minotaur (Gauntlet)
  3 hydras
  The ghost of Patzeol the Cleaver, a novice HOFi of Uskayaw (D:10)
  3 two-headed ogres
  A centaur warrior (D:14)
  A death knight (D:15)
  6 death yaks (Lair:5)
  A fire crab (Gauntlet)
  2 unseen horrors
  A wizard (D:14)
  A wolf spider zombie (D:14)
  5 orb spiders
  8 wolf spiders
  3 deep elf magi (D:14)
  3 cyclopes
  3 manticores
  9 ugly things
  An orc knight (D:14)
  10 elephants
  2 torpor snails
  A gargoyle (D:12)
  3 black mambas
  2 centaur skeletons (D:14)
  6 spiny frogs
  8 rime drakes
  4 komodo dragons
  4 freezing wraiths
  Maggie (D:9)
  A kobold demonologist (D:11)
  8 demonic crawlers
  5 yaktaurs (D:15)
  3 tengu conjurers
  12 jumping spiders
  4 trolls
  A meliai (shapeshifter) (D:15)
  3 polar bears
  Grinder (D:4)
  8 slime creatures (D:15)
  A wolf spider simulacrum (D:15)
  19 blink frogs (Lair:4)
  13 hippogriffs
  A meliai zombie (D:14)
  12 tarantellas
  36 redbacks
  A tarantella (shapeshifter) (D:14)
  A spriggan (D:8)
  A shadow (D:11)
  6 wyverns
  3 wraiths
  33 yaks
  A hog (shapeshifter) (D:15)
  8 basilisks
  Eustachio (D:6)
  3 fire elementals (Spider:3)
  2 hogs (D:14)
  15 humans (D:14)
  2 fire bats (Gauntlet)
  2 steam dragons
  A human (shapeshifter) (D:13)
  Grum (D:6)
  4 hungry ghosts
  3 swamp worms (Gauntlet)
  Edmund (D:6)
  An acid dragon (D:14)
  Duvessa (D:7)
  10 water moccasins
  9 porcupines
  10 orc warriors
  4 hell hounds (Spider:3)
  A sky beast (D:11)
  3 black bears (D:9)
  7 ice beasts
  4 necrophages
  5 phantoms
  10 wolves
  4 ogres
  15 centaurs
  16 crocodiles
  2 big kobolds
  12 bullfrogs
  A gnoll sergeant (D:6)
  Dowan (D:7)
  A water moccasin zombie (D:11)
  2 wyvern zombies
  7 scorpions
  6 killer bees (D:10)
  7 wights
  9 howler monkeys
  An electric eel (D:13)
  6 crimson imps
  A bullfrog zombie (D:5)
  3 centaur zombies
  9 orc priests
  11 hounds
  4 jellies
  24 orc wizards
  3 gnoll shamans
  2 bullfrog skeletons
  17 worker ants
  2 iguanas
  A killer bee zombie (D:6)
  A hound skeleton (D:11)
  22 gnolls
  11 adders
  A hound simulacrum (D:10)
  4 shadow imps
  5 white imps (D:10)
  A worker ant simulacrum (D:10)
  An adder zombie (D:8)
  2 worms
  2 dart slugs
  4 leopard geckos
  73 orcs
  6 bats
  4 giant cockroaches
  2 goblins (D:1)
  6 hobgoblins
  16 jackals
  4 quokkas
  3 ball pythons
  5 frilled lizards
  A jackal skeleton (D:5)
  9 kobolds
  A quokka skeleton (D:9)
  3 rats
  2 fungi
745 creatures vanquished.

Vanquished Creatures (collateral kills)
  6 hydras
  An orb spider (Spider:1)
  A komodo dragon (Lair:3)
  3 blink frogs (Lair:3)
  A hippogriff (Lair:5)
  A redback (Spider:3)
  3 wyverns (Lair:5)
  2 basilisks (Lair:5)
  A porcupine (Lair:3)
  2 wolves (Lair:3)
  A crocodile (Lair:1)
22 creatures vanquished.

Vanquished Creatures (others)
  Azrael (Spider:3)
  A wolf spider (Spider:3)
  A basilisk (Lair:5)
  2 humans (D:14)
  An adder (D:12)
  4 fungi
  A plant (D:4)
11 creatures vanquished.

Grand Total: 778 creatures vanquished

Notes
Turn   | Place    | Note
-------+----------+-------------------------------------------
     0 | D:1      | EnegeticOcto the Deep Dwarf Fighter began the quest for the
                  | Orb.
     0 | D:1      | Reached XP level 1. HP: 20/20 MP: 1/1
   111 | D:1      | Reached XP level 2. HP: 20/27 MP: 2/2
   219 | D:2      | Reached XP level 3. HP: 24/33 MP: 1/1
   262 | D:2      | Reached skill level 1 in Dodging
   393 | D:3      | Reached XP level 4. HP: 41/42 MP: 2/2
   414 | D:3      | Reached XP level 5. HP: 25/49 MP: 3/3
   473 | D:4      | Noticed Grinder
   478 | D:4      | Paralysed by Grinder for 3 turns
   488 | D:4      | Paralysed by Grinder for 4 turns
   497 | D:4      | Killed Grinder
   497 | D:4      | Reached XP level 6. HP: 45/56 MP: 2/2
   629 | D:4      | Reached skill level 5 in Axes
   701 | D:4      | Found a runed translucent gate.
   701 | D:4      | Found a runed translucent gate.
   701 | D:4      | Found a runed translucent gate.
   702 | D:4      | Identified the +2 short sword of Infection {chaos, rElec}
   703 | D:4      | Noticed emiel's ghost (amateur FoWn)
   799 | D:4      | Reached XP level 7. HP: 60/63 MP: 2/2
   814 | D:4      | Found a stormy altar of Qazlal.
   907 | D:4      | Reached skill level 5 in Shields
   918 | D:4      | Found an opulent altar of Gozag.
   918 | D:4      | Found a white marble altar of Elyvilon.
  1204 | D:5      | Entered Level 5 of the Dungeon
  1257 | D:5      | Reached skill level 5 in Armour
  1268 | D:5      | Found a blossoming altar of Fedhas.
  1321 | D:5      | Reached XP level 8. HP: 30/73 MP: 3/3
  1529 | D:5      | Found a sparkling altar of Nemelex Xobeh.
  1729 | D:5      | Found a snail-covered altar of Cheibriados.
  1745 | D:6      | Identified a scroll of acquirement
  1745 | D:6      | Identified the ring of Lol Ziad {rElec rPois rC+} (You
                  | acquired it on level 6 of the Dungeon)
  1784 | D:6      | Found Ciguuv's Antique Armour Emporium.
  1819 | D:6      | Noticed Eustachio
  1855 | D:6      | Killed Eustachio
  1865 | D:6      | Noticed Edmund
  1882 | D:6      | Killed Edmund
  1950 | D:6      | Reached skill level 5 in Fighting
  2005 | D:6      | Noticed Grum
  2015 | D:6      | Killed Grum
  2015 | D:6      | Reached skill level 5 in Dodging
  2015 | D:6      | Gained mutation: You passively map the area around you.
                  | [Deep Dwarf growth]
  2015 | D:6      | Reached XP level 9. HP: 46/81 MP: 3/3
  2323 | D:6      | Found Xereluhu's Antique Weapon Shoppe.
  2350 | D:6      | Bought a runed broad axe for 175 gold pieces
  2376 | D:6      | Found an opulent altar of Gozag.
  2618 | D:7      | Found a staircase to the Ecumenical Temple.
  2629 | Temple   | Entered the Ecumenical Temple
  2644 | Temple   | Became a worshipper of Makhleb the Destroyer
  2661 | D:7      | Reached skill level 1 in Invocations
  2664 | D:7      | Noticed Duvessa
  2677 | D:7      | Noticed Dowan
  2678 | D:7      | Reached skill level 2 in Invocations
  2683 | D:7      | Killed Duvessa
  2696 | D:7      | Killed Dowan
  2696 | D:7      | Reached skill level 3 in Invocations
  2812 | D:7      | Found a basalt altar of Yredelemnul.
  2859 | D:7      | Found a hazy altar of Hepliaklqana.
  3291 | D:8      | Found Gouddic's Armour Shoppe.
  3308 | D:8      | Reached * piety under Makhleb
  3310 | D:8      | Reached skill level 4 in Invocations
  3420 | D:8      | Noticed a +0 dagger
  3421 | D:8      | Found a hide-covered altar of Uskayaw.
  3421 | D:8      | Noticed a +0 dagger
  3628 | D:8      | Reached XP level 10. HP: 19/91 MP: 6/6
  3751 | D:9      | Reached ** piety under Makhleb
  3839 | D:9      | Reached skill level 5 in Invocations
  3942 | D:9      | Found a staircase to the Orcish Mines.
  4010 | D:9      | Noticed Prince Ribbit
  4122 | D:9      | Noticed Maggie
  4128 | D:9      | Killed Maggie
  4162 | D:9      | Reached skill level 6 in Invocations
  4186 | D:9      | Reached *** piety under Makhleb
  4268 | D:9      | Reached skill level 10 in Axes
  4446 | D:9      | Found a shimmering blue altar of Sif Muna.
  4470 | D:10     | Entered Level 10 of the Dungeon
  4508 | D:10     | Got an ichor-stained cloak
  4514 | D:10     | Identified the cursed +0 cloak of Elyvilon's Hatred {Regen+
                  | Dex+2 Stlth+} (You found it on level 10 of the Dungeon)
  4604 | D:10     | Reached skill level 7 in Invocations
  4612 | D:10     | Found a staircase to the Lair.
  4645 | D:10     | Found a runed translucent gate.
  4645 | D:10     | Found a runed translucent gate.
  4645 | D:10     | Found a runed translucent gate.
  4697 | D:10     | Noticed Patzeol's ghost (novice HOFi)
  5211 | D:10     | Reached **** piety under Makhleb
  5217 | D:10     | Killed Patzeol's ghost
  5217 | D:10     | Reached XP level 11. HP: 87/99 MP: 4/4
  5251 | D:10     | Got the ring "Harphacam" {Fire}
  5258 | D:10     | Identified the ring "Harphacam" {Fire Str+4 Int+2} (You
                  | found it on level 10 of the Dungeon)
  5323 | D:11     | Reached skill level 8 in Invocations
  5565 | D:11     | Found a gate leading to a gauntlet.
  5575 | Gauntlet | Entered a Gauntlet
  5575 | Gauntlet | Found a large runed translucent door.
  5575 | Gauntlet | Found a large runed translucent door.
  5575 | Gauntlet | Found a large runed translucent door.
  5575 | Gauntlet | Found a transporter.
  5575 | Gauntlet | Found a large runed translucent door.
  5575 | Gauntlet | Found a runed translucent door.
  5575 | Gauntlet | Found a large runed translucent door.
  5575 | Gauntlet | Found a large runed translucent door.
  5575 | Gauntlet | Found a large runed translucent door.
  5575 | Gauntlet | Found a large runed translucent door.
  5575 | Gauntlet | Found a runed translucent gate.
  5575 | Gauntlet | Found a runed translucent gate.
  5575 | Gauntlet | Found a transporter.
  5575 | Gauntlet | Found a transporter.
  5575 | Gauntlet | Found a runed translucent gate.
  5575 | Gauntlet | Found a runed translucent gate.
  5575 | Gauntlet | Found a runed translucent gate.
  5575 | Gauntlet | Noticed a queen ant
  5585 | Gauntlet | Found a transporter.
  5588 | Gauntlet | Found a transporter.
  5598 | Gauntlet | Found a transporter.
  5599 | Gauntlet | Found a transporter.
  5607 | Gauntlet | Found a transporter.
  5616 | Gauntlet | Noticed a dire elephant
  5621 | Gauntlet | Noticed a green death
  5622 | Gauntlet | Found a transporter.
  5644 | Gauntlet | Found a transporter.
  5645 | Gauntlet | Found a transporter.
  5655 | Gauntlet | Found a transporter.
  5660 | Gauntlet | Found a runed translucent gate.
  5661 | Gauntlet | Found a large runed translucent door.
  5661 | Gauntlet | Found a large runed translucent door.
  5662 | Gauntlet | Found a large runed translucent door.
  5663 | Gauntlet | Found a large runed translucent door.
  5664 | Gauntlet | Found a large runed translucent door.
  5664 | Gauntlet | Found a large runed translucent door.
  5664 | Gauntlet | Found a runed translucent door.
  5665 | Gauntlet | Found a large runed translucent door.
  5666 | Gauntlet | Found a large runed translucent door.
  5703 | Gauntlet | Noticed a fire crab
  5748 | Gauntlet | Reached ***** piety under Makhleb
  5782 | Gauntlet | Killed a fire crab
  5789 | Gauntlet | Reached skill level 9 in Invocations
  5804 | Gauntlet | Gained mutation: You are dopey. (Int -2) [potion of
                  | mutation]
  5804 | Gauntlet | Gained mutation: You are clumsy. (Dex -2) [potion of
                  | mutation]
  5804 | Gauntlet | Lost mutation: You are dopey. (Int -2) [potion of mutation]
  5804 | Gauntlet | Gained mutation: Your flesh is cold resistant. (rC+)
                  | [potion of mutation]
  5805 | Gauntlet | Lost mutation: You are clumsy. (Dex -2) [potion of
                  | mutation]
  5805 | Gauntlet | Lost mutation: Your flesh is cold resistant. (rC+) [potion
                  | of mutation]
  5805 | Gauntlet | Gained mutation: You evolve. [potion of mutation]
  5805 | Gauntlet | Gained mutation: You have an increased reservoir of magic.
                  | (+10% MP) [potion of mutation]
  5806 | Gauntlet | Lost mutation: You evolve. [potion of mutation]
  5806 | Gauntlet | Lost mutation: You have an increased reservoir of magic.
                  | (+10% MP) [potion of mutation]
  5806 | Gauntlet | Gained mutation: Your magical capacity is low. (-10% MP)
                  | [potion of mutation]
  5806 | Gauntlet | Gained mutation: Your spells are a little harder to cast,
                  | but a little more powerful. [potion of mutation]
  5806 | Gauntlet | Gained mutation: You possess an exceptional clarity of
                  | mind. [potion of mutation]
  5839 | Gauntlet | Killed a dire elephant
  5850 | Gauntlet | Identified the ring of Starshine {*Drain Str+3 Stlth+} (You
                  | acquired it in a Gauntlet)
  5851 | Gauntlet | Found the +15 Maxwell's patent armour {-Cast -Tele rElec
                  | MR+ rCorr}
  5892 | Gauntlet | Identified the ring of Crawling {MP+9 Stlth+}
  5892 | Gauntlet | Noticed a minotaur
  5922 | Gauntlet | Killed a minotaur
  6296 | D:12     | Found a runed translucent gate.
  6296 | D:12     | Found a runed translucent gate.
  6296 | D:12     | Found a runed translucent gate.
  6358 | D:12     | Noticed Zawn's ghost (journeyman MiFi)
  6359 | D:12     | Noticed a minotaur
  6486 | D:12     | Reached skill level 10 in Invocations
  6486 | D:12     | Reached XP level 12. HP: 97/109 MP: 2/2
  6871 | D:12     | Noticed a two-headed ogre
  6883 | D:12     | Killed a two-headed ogre
  7313 | D:13     | Noticed a two-headed ogre
  7337 | D:13     | Killed a two-headed ogre
  7640 | D:13     | Found an opulent altar of Gozag.
  7703 | D:14     | Found a gate to the Vaults.
  7703 | D:14     | Noticed Nessos
  7703 | D:14     | Noticed Rupert
  7703 | D:14     | Noticed Kirke
  7712 | D:14     | Reached skill level 11 in Invocations
  7717 | D:14     | Noticed a centaur warrior
  7719 | D:14     | Noticed a sphinx
  7731 | D:14     | Killed Kirke
  7732 | D:14     | Killed a centaur warrior
  7735 | D:14     | Noticed a six-headed hydra
  7737 | D:14     | Killed Rupert
  7741 | D:14     | Reached XP level 13. HP: 113/117 MP: 4/4
  7745 | D:14     | Reached skill level 12 in Invocations
  7763 | D:14     | Killed Nessos
  7840 | D:14     | Reached skill level 10 in Armour
  7950 | D:14     | Reached skill level 10 in Shields
  8204 | D:14     | Noticed a storm dragon
  8234 | D:14     | Killed a storm dragon
  8444 | D:14     | Reached skill level 13 in Invocations
  8614 | D:15     | Entered Level 15 of the Dungeon
  8805 | D:15     | Found a sacrificial altar of Ru.
  8829 | D:15     | Reached ****** piety under Makhleb
  8850 | D:15     | Gained mutation: You resist negative energy. (rN+) [Deep
                  | Dwarf growth]
  8850 | D:15     | Reached XP level 14. HP: 129/129 MP: 5/5
  8923 | D:15     | Noticed Agnes
  8955 | D:15     | Killed Agnes
  9134 | D:15     | Found a staircase to the Depths.
  9142 | D:15     | Reached skill level 10 in Dodging
  9456 | D:6      | Bought a glowing scarf for 264 gold pieces
  9557 | Lair:1   | Entered Level 1 of the Lair of Beasts
  9705 | Lair:1   | Reached skill level 14 in Invocations
 10648 | Lair:2   | Found a staircase to the Swamp.
 12370 | Lair:4   | You fall into a shaft and drop 2 floors!
 12370 | Lair:6   | Entered Level 6 of the Lair of Beasts
 12387 | Lair:6   | Reached skill level 10 in Fighting
 12695 | Lair:5   | Reached XP level 15. HP: 106/138 MP: 6/6
 12699 | Lair:5   | Reached skill level 15 in Invocations
 12999 | Lair:5   | Noticed Snorg
 13021 | Lair:5   | Killed Snorg
 13108 | Lair:5   | Reached skill level 15 in Axes
 13274 | Lair:5   | Found a runed translucent door.
 13275 | Lair:5   | Found a viscous altar of Jiyva.
 13275 | Lair:5   | Noticed an acid blob
 13277 | Lair:5   | Found a staircase to the Slime Pits.
 13277 | Lair:5   | Noticed an acid blob
 13752 | Lair:4   | Found a hole to the Spider Nest.
 13796 | Lair:4   | Identified the cursed +0 cloak of the Evening {*Drain rPois
                  | rC- rN+++} (You found it on level 4 of the Lair of Beasts)
 13896 | Spider:1 | Entered Level 1 of the Spider Nest
 13910 | Spider:1 | Noticed Louise
 13989 | Spider:1 | Killed Louise
 14366 | Spider:1 | Reached skill level 16 in Invocations
 14567 | Spider:3 | Noticed Azrael
 14585 | Spider:3 | Killed Azrael
 14585 | Spider:3 | Blown up by an orb spider

Levels and vault maps discovered:
D:1:      dpeg_arrival_rooms_c, layout_basic
D:2:      layout_rooms, first_ration
D:3:      layout_basic
D:4:      layout_loops_ring, grunt_qazlal_clouds,
          gammafunk_temple_overflow_elements, gammafunk_ghost_nasty_kobolds,
          st_stairs_14, uniq_grinder
D:5:      layout_basic, old_standard_altar, cheibriados_altar_1,
          fedhas_bush_and_centaur_altar
D:6:      minmay_general_purpose_star, layout_cave_pools, serial_gnoll_camp,
          gnoll_camp_mini_hut, grums_kennel, gnoll_camp_mini_hut,
          gnoll_camp_mini_shop, gnoll_camp_mini_loothouse, serial_shops,
          shop_coins, nicolae_gozag_seed_capital, uniq_eustachio, uniq_edmund
D:7:      layout_cave_pools, kennysheep_mini, yredelemnul_altar_generic,
          minmay_temple_entry_slanted, uniq_duvessa
D:8:      layout_cave_pools, dancing_weapons_uskayaw, serial_shops, shop,
          the_bakery
D:9:      layout_irregular_city, led_sif_book, hiddenorc1_lemuel,
          uniq_prince_ribbit1, uniq_maggie
D:10:     layout_small_grid, lair_entry_dummy, gammafunk_ghost_icy,
          kennysheep_generic_room_11
D:11:     layout_cave_pools, gauntlet_entry_generic, minmay_checkerbox
D:12:     layout_cave_pods, maelrawn_ghost_gauntlet_escape
D:13:     layout_irregular_city, basic_altar, minmay_crystal_water
D:14:     layout_cave_pools, david_vaults_3, serial_bayou_lagoon_a,
          minivault_22, minmay_three_doors, uniq_kirke
D:15:     hangedman_depths_entry_try_elsewhere_first, layout_rooms,
          nicolae_ru_the_path_less_chosen, uniq_agnes
Temple:   nicolae_temple_x_marks_the_god
Lair:1:   layout_cave_pods, chequers_serial_rivers_micro_b, grunt_megastairs_2,
          lemuel_fruit_tree, serial_bayou_shore_b, infiniplex_staircase_pool
Lair:2:   layout_chaotic_city, swamp_mist
Lair:3:   layout_chaotic_city
Lair:4:   layout_small_grid, spider_nest_entry_rubble
Lair:5:   layout_roguey [special_room_mythical_zoo], slime_altar_2, uniq_snorg
Lair:6:   cheibrodos_lair_end_hotspot, layout_regular_city
Spider:1: nicolae_spider_corner, uniq_louise
Spider:2: layout_spider_delve
Spider:3: layout_spider_delve, guppyfry_spider_mini_3,
          nicolae_spider_cling_halls, uniq_azrael

Skill      XL: |  1  2  3  4  5  6  7  8  9 10 11 12 13 14 15 |
---------------+----------------------------------------------+-----
Dodging        | 1 2 3 5 6 7 8 9 10 11 | 11.3
Axes           | 3 4 5 6 7 9 10 11 12 13 14 15 | 15.7
Fighting       | 3 4 5 6 7 8 9 10 11 | 11.2
Shields        | 4 5 6 7 8 9 10 11 | 11.9
Armour         | 4 5 6 7 8 9 10 11 | 11.9
Invocations    | 4 7 10 11 13 14 16 | 16.2

Action                   |  1- 3 |  4- 6 |  7- 9 | 10-12 | 13-15 || total
-------------------------+-------+-------+-------+-------+-------++-------
Melee: War axe           |    97 |    90 |   287 |       |       ||   474
       Broad axe         |       |       |   156 |   750 |  1421 ||  2327
Invok: Lesser Servant of |       |       |       |       |    22 ||    22
 Abil: Heal Wounds       |     3 |     8 |    16 |    24 |    13 ||    64
Evoke: Wand              |       |       |       |     3 |     5 ||     8
  Use: Scroll            |       |     5 |     7 |    13 |    13 ||    38
       Potion            |       |     1 |       |     3 |       ||     4
 Stab: Distracted        |       |       |       |       |     3 ||     3
  Eat: Chunk             |       |       |    11 |    16 |    21 ||    48
       Ration            |       |       |     1 |       |     2 ||     3
Armor: Scale mail        |    83 |    27 |   171 |    20 |       ||   301
       Chain mail        |       |       |       |   224 |       ||   224
       Plate armour      |       |       |       |   307 |  1437 ||  1744
Dodge: Dodged            |    31 |    32 |   206 |   365 |   828 ||  1462
Block: Kite shield       |    72 |    74 |   296 |   619 |  1062 ||  2123
       Tower shield      |       |       |       |       |   324 ||   324

Table legend:
 A = Non-vault XP
 B = Vault XP
 C = Vault XP percentage of total XP
 D = Non-vault monster count
 E = Vault monster count
 F = Vault count percentage of total count
                 A         B        C        D         E       F
            +---------+---------+-------+---------+---------+-------
      Total |  109374 |   43780 |  28.6 |     619 |     149 |  19.4
            +---------+---------+-------+---------+---------+-------
        D:1 |      18 |       0 |   0.0 |       9 |       0 |   0.0
        D:2 |      48 |       0 |   0.0 |      24 |       0 |   0.0
        D:3 |     138 |       0 |   0.0 |       8 |       0 |   0.0
        D:4 |     382 |     451 |  54.1 |      23 |       3 |  11.5
        D:5 |     608 |     118 |  16.3 |      16 |       1 |   5.9
        D:6 |     476 |    1216 |  71.9 |      13 |      20 |  60.6
        D:7 |     850 |     224 |  20.9 |      14 |       2 |  12.5
        D:8 |     751 |     215 |  22.3 |      31 |       1 |   3.1
        D:9 |    2978 |     682 |  18.6 |      49 |      18 |  26.9
       D:10 |     988 |    1607 |  61.9 |      26 |      13 |  33.3
       D:11 |    2985 |     296 |   9.0 |      49 |       4 |   7.5
       D:12 |    4840 |       0 |   0.0 |      29 |       0 |   0.0
       D:13 |    3652 |       0 |   0.0 |      24 |       0 |   0.0
       D:14 |   13212 |   13384 |  50.3 |      42 |      25 |  37.3
       D:15 |   13989 |    4446 |  24.1 |      41 |       5 |  10.9
     Temple |      48 |       0 |   0.0 |       1 |       0 |   0.0
     Lair:1 |    3966 |     235 |   5.6 |      17 |       1 |   5.6
     Lair:2 |    4803 |       0 |   0.0 |      27 |       0 |   0.0
     Lair:3 |    4849 |       0 |   0.0 |      24 |       0 |   0.0
     Lair:4 |    8788 |     557 |   6.0 |      35 |       1 |   2.8
     Lair:5 |    7755 |    7986 |  50.7 |      19 |      25 |  56.8
     Lair:6 |    7700 |       0 |   0.0 |      23 |       0 |   0.0
   Spider:1 |   19010 |    4009 |  17.4 |      54 |       7 |  11.5
   Spider:2 |    2294 |       0 |   0.0 |       6 |       0 |   0.0
   Spider:3 |    4246 |    3800 |  47.2 |      15 |      14 |  48.3
   Gauntlet |       0 |    4554 | 100.0 |       0 |       9 | 100.0
            +---------+---------+-------+---------+---------+-------
